 Dungeon Crawl Stone Soup version 0.28.0-45-g0d030f2227 (webtiles) character file.

Game seed: 493215714357192990

252 Kaptain the Digger (level 6, -8/36 HPs)
             Began as a Gargoyle Earth Elementalist on Mar 31, 2022.
             Mangled by a wyvern (12 damage)
             ... on level 4 of the Dungeon.
             The game lasted 00:05:02 (3960 turns).

Kaptain the Digger (Gargoyle Earth Elementalist)    Turns: 3960, Time: 00:05:02

Health: -8/36      AC:  7    Str: 12    XL:     6   Next: 14%
Magic:  4/10       EV: 12    Int: 17    God:
Gold:   130        SH:  0    Dex: 10    Spells: 7/11 levels left

rFire   . . .      SeeInvis .   k - +0 trident
rCold   . . .      Faith    .   (no shield)
rNeg    + . .      Spirit   .   b - +0 robe
rPois   ∞          Reflect  .   m - +0 helmet
rElec   +          Harm     .   j - scarf {repulsion}
rCorr   .          Rampage  .   (no gloves)
Will    .....                   (no boots)
Stlth   ++........              (no amulet)
HPRegen 0.12/turn               (no ring)
MPRegen 0.12/turn               (no ring)

@: repel missiles
A: sickness immunity, AC +4, negative energy resistance 1, electricity
resistance, torment resistance 1, petrification resistance
a: no special abilities


You were on level 4 of the Dungeon.
You visited 1 branch of the dungeon, and saw 4 of its levels.

You collected 130 gold pieces.

Inventory:

Hand Weapons
 g - a +0 short sword
 k - a +0 trident (weapon)
 l - a +2 vorpal flail
Missiles
 c - 3 poisoned darts
 f - 32 sling bullets
 h - 4 stones
Armour
 b - a +0 robe (worn)
 j - a scarf of repulsion (worn)
 m - a +0 helmet (worn)
Wands
 q - a wand of polymorph (9)
 u - a wand of flame (27)
Scrolls
 a - 2 scrolls of enchant armour {unknown}
 d - 2 scrolls of immolation {unknown}
 e - 6 scrolls of identify {unknown}
 i - a scroll of enchant weapon {unknown}
 o - a scroll of noise {unknown}
 r - 2 scrolls of blinking {unknown}
 s - a scroll of magic mapping {unknown}
Potions
 n - a potion of mutation {unknown}
 p - 2 potions of curing {unknown}
 t - a potion of cancellation {unknown}
 v - a potion of might {unknown}
 w - a potion of attraction {unknown}


   Skills:
 * Level 2.6 Fighting
 + Level 1.8 Armour
 + Level 2.1 Dodging
 - Level 2.1 Stealth
 * Level 3.0 Spellcasting
 * Level 2.6 Conjurations
 - Level 0.7 Transmutations
 * Level 4.7 Earth Magic


You had 7 spell levels left.
You knew the following spells:

 Your Spells              Type           Power      Damage    Failure   Level
a - Sandblast             Erth           36%        2d10      2%          1
b - Stone Arrow           Conj/Erth      30%        3d8       12%         3

Your spell library contained the following spells:

 Spells                   Type           Power      Damage    Failure   Level
 Passwall                 Tmut/Erth      9%         N/A       9%          2
 Dazzling Flash           Conj/Hex       14%        N/A       30%         3
 Gell's Gravitas          Tloc           2%         N/A       45%         3
 Lesser Beckoning         Tloc           2%         N/A       45%         3
 Teleport Other           Tloc           2%         N/A       45%         3
 Petrify                  Tmut/Erth      11%        N/A       50%         4
 Iskenderun's Mystic Bla  Conj/Tloc      7%         2d4       69%         4
 Airstrike                Air            1%         N/A       86%         4
 Summon Lightning Spire   Summ/Air       2%         N/A       86%         4
 Lightning Bolt           Conj/Air       3%         1d15      95%         5
 Starburst                Conj/Fire      3%         6d3       100%        6


Dungeon Overview and Level Annotations

Branches:
Dungeon (4/15)
 Temple: D:4-7

Altars:


Innate Abilities, Weirdness & Mutations

You are immune to sickness and miasma.
Your stone body is resilient. (AC +4)
You are immune to poison.
You resist negative energy. (rN+)
You are resistant to electric shocks. (rElec)
You are resistant to unholy torment.
You are immune to petrification.


Message History

Aim: a wyvern (moderately wounded, 79% to hit)
The blast of sand hits the wyvern!
The wyvern is severely wounded.
Unknown command.
Casting: Sandblast (safe; 2% risk of failure)
Confirm with . or Enter, or press ? or * to list all spells.
Aiming: Sandblast (safe; 2% risk of failure)
Press: ? - help, Shift-Dir - straight line, f/p - wyvern
Aim: a wyvern (severely wounded, 79% to hit)
The blast of sand hits the wyvern.
The wyvern is severely wounded.
The wyvern bites you! The wyvern misses you.
Unknown command.
Unknown command.
Casting: Sandblast (safe; 2% risk of failure)
Confirm with . or Enter, or press ? or * to list all spells.
Aiming: Sandblast (safe; 2% risk of failure)
Press: ? - help, Shift-Dir - straight line, f/p - wyvern
Aim: a wyvern (severely wounded, 79% to hit)
The blast of sand misses the wyvern.
The wyvern bites you!
Unknown command.
Casting: Sandblast (safe; 2% risk of failure)
Confirm with . or Enter, or press ? or * to list all spells.
Aiming: Sandblast (safe; 2% risk of failure)
Press: ? - help, Shift-Dir - straight line, f/p - wyvern
Aim: a wyvern (severely wounded, 79% to hit)
The blast of sand hits the wyvern.
The wyvern is severely wounded.
The wyvern closely misses you. The wyvern bites you!
* * * LOW HITPOINT WARNING * * *
Unknown command.
Casting: Sandblast (safe; 2% risk of failure)
Confirm with . or Enter, or press ? or * to list all spells.
Aiming: Sandblast (safe; 2% risk of failure)
Press: ? - help, Shift-Dir - straight line, f/p - wyvern
Aim: a wyvern (severely wounded, 79% to hit)
The blast of sand hits the wyvern but does no damage.
The wyvern is severely wounded.
The wyvern bites you!
You die...

### ### #######.####.#
.............#####.#
...................#
#.#####@##.#.#####.##
......l..............
#.#####.##.#.#####.#####
...................
#...................
....#..#.####...###.
.....>.............
....#..#(####.......
...#..#............


You could see a wyvern.

Vanquished Creatures
  2 orc priests (D:3)
  13 adders
  A worm (D:3)
  A dart slug (D:2)
  5 orcs
  8 ball pythons
  11 endoplasms
  A giant cockroach (D:1)
  A goblin (D:3)
  2 hobgoblins
  5 jackals
  5 kobolds
  4 quokkas
  2 bats (D:1)
  5 frilled lizards
  5 rats
71 creatures vanquished.

Notes
Turn   | Place    | Note
-------+----------+-------------------------------------------
     0 | D:1      | Kaptain the Gargoyle Earth Elementalist began the quest for
                  | the Orb.
     0 | D:1      | Reached XP level 1. HP: 10/10 MP: 3/3
   107 | D:1      | Reached XP level 2. HP: 16/16 MP: 1/5
   365 | D:1      | Reached skill level 1 in Fighting
   365 | D:1      | Reached skill level 1 in Conjurations
   566 | D:1      | Reached XP level 3. HP: 20/20 MP: 4/6
   570 | D:1      | Learned a level 3 spell: Stone Arrow
  1032 | D:2      | Reached skill level 4 in Earth Magic
  1413 | D:2      | Reached skill level 1 in Armour
  1637 | D:2      | Reached XP level 4. HP: 25/25 MP: 2/7
  2636 | D:3      | Reached XP level 5. HP: 30/30 MP: 3/8
  3756 | D:4      | Reached XP level 6. HP: 36/36 MP: 7/10
  3954 | D:4      | Noticed a wyvern
  3960 | D:4      | Mangled by a wyvern

Illustrated notes

Levels and vault maps discovered:
D:1:      dpeg_arrival_court, layout_loops_ring, nicolae_figureground_pulse
D:2:      layout_loops_ring
D:3:      layout_loops_corners
D:4:      layout_basic, minmay_snake_closets

Skill      XL: |  1  2  3  4  5  6 |
---------------+-------------------+-----
Fighting       | 1 2 |  2.6
Conjurations   | 1 2 |  2.6
Earth Magic    | 4 |  4.7
Armour         | 1 |  1.8
Dodging        | 2 |  2.1
Spellcasting   | 3 |  3.0
Stealth        | |  2.1
Transmutations | |  0.7

Action                   |  1- 3 |  4- 6 || total
-------------------------+-------+-------++-------
Melee: Short sword       |    13 |       ||    13
       Unarmed           |     1 |       ||     1
       Trident           |       |    18 ||    18
 Cast: Sandblast         |    40 |    72 ||   112
  Use: Potion            |       |     1 ||     1
Armor: Robe              |     7 |    16 ||    23
Dodge: Dodged            |    16 |    25 ||    41
